 Dungeon Crawl Stone Soup version 0.18.1-50-g88ac8fd (webtiles) character file.

252 cedor the Digger (level 5, -9/35 HPs)
             Began as a Demonspawn Earth Elementalist on Sept 20, 2016.
             Shot with an arrow by a centaur (15 damage)
             ... on level 5 of the Dungeon.
             The game lasted 00:24:00 (4300 turns).

cedor the Digger (Demonspawn Earth Elementalist)    Turns: 4300, Time: 00:24:02

Health: -9/35      AC:  5    Str:  8    XL:     5   Next: 89%
Magic:  0/9        EV: 13    Int: 18    God:
Gold:   61         SH:  0    Dex: 15    Spells: 3 memorised, 3 levels left

rFire  . . .     SeeInvis .     a - +0 dagger
rCold  . . .     Gourm    .     i - +0 robe
rNeg   . . .     Faith    .     (no shield)
rPois  .         Spirit   +     s - +0 helmet
rElec  .         Dismiss  .     (no cloak)
rCorr  .         Reflect  .     (no gloves)
SustAt +         Harm     .     t - +1 pair of boots
MR     .....                    (no amulet)
Stlth  +++.......               (no ring)
                                l - ring of sustain attributes

@: very slightly contaminated, not resistant to hostile enchantments, fairly
stealthy
A: thin skeletal structure 1, magic shield, magic regeneration
a: no special abilities


You were on level 5 of the Dungeon.
You were very hungry.

You visited 1 branch of the dungeon, and saw 5 of its levels.

You collected 61 gold pieces.


Innate Abilities, Weirdness & Mutations

You have a somewhat thin skeletal structure (Dex +2, Stealth).
When hurt, damage is shared between your health and your magic reserves.
You regenerate magic rapidly.


   Skills:
 + Level 1.7 Short Blades
 + Level 3.0 Dodging
 - Level 2.8 Stealth
 + Level 2.7 Spellcasting
 - Level 0.8 Transmutations
 + Level 4.1 Earth Magic


You had 3 spell levels left.
You knew the following spells:

 Your Spells              Type           Power        Failure   Level  Hunger
x - Stone Arrow           Conj/Erth      #.....       24%         3    ###....
z - Sandblast             Erth           ###...       3%          1    #......
N - Passwall              Trmt/Erth      ##........   12%         2    ##.....

Inventory:

Hand Weapons
 a - a +0 dagger (weapon)
Missiles
 b - 2 stones
 q - 4 tomahawks (quivered)
Armour
 i - a +0 robe (worn)
 p - a +0 shield
 s - a +0 helmet (worn)
 t - a +1 pair of boots (worn)
 z - a cursed +0 robe
Jewellery
 j - an uncursed ring of fire
 l - a ring of sustain attributes (left hand)
Scrolls
 f - a scroll of identify {@r1}
 h - a scroll of recharging {unknown}
 n - a scroll of immolation {unknown}
 o - a scroll of fear {unknown}
 u - a scroll of blinking {unknown}
 v - a scroll of magic mapping {unknown}
 x - a scroll of remove curse {unknown}
 y - 2 scrolls of enchant weapon {unknown}
 A - a scroll of amnesia {unknown}
Potions
 e - a potion of berserk rage {!q}
 k - 2 potions of lignification {unknown}
 m - a potion of flight {unknown}
 w - a potion of might {unknown}
Books
 c - a book of Geomancy

   Spells                             Type                      Level
   a - Sandblast                      Earth                        1
   b - Passwall                       Transmutation/Earth          2
   c - Stone Arrow                    Conjuration/Earth            3
   d - Petrify                        Transmutation/Earth          4
   e - Lee's Rapid Deconstruction     Earth                        5
Comestibles
 d - 2 bread rations
 r - a meat ration

Dungeon Overview and Level Annotations

Branches:
Dungeon (5/15)
 Temple: D:4-7

Altars:
Trog

Shops:
D:4 [

Annotations:
D:4 Grinder; HolyRage's ghost, amateur TrMo

▒▒▒▒▒▒▒ ▒.....▒
▒▒▒▒▒.....▒
▒......(..▒▒▒▒▒▒▒▒▒▒▒▒
▒....6(...............
▒.....▒+▒▒▒▒▒▒▒▒▒▒▒▒▒.
▒....c▒.▒ ▒. ▒.....▒.▒
▒< ▒.....▒.▒ ▒.
▒.....▒.▒ ▒. ▒.....▒.▒
▒) ▒▒▒▒▒▒▒.▒ ▒. ▒.▒ ▒.


You could see a centaur.


Message History

Casting: Stone Arrow
Confirm with . or Enter, or press ? or * to list all spells.
Aiming: Stone Arrow
Press: ? - help, Shift-Dir - straight line, f - centaur
Aim: a centaur, wielding a shortbow You miscast Stone Arrow.
You are very lightly contaminated with residual magic.
Strange energies run through your body.
The centaur shoots an arrow.
The arrow hits you!
Casting: Stone Arrow
Confirm with . or Enter, or press ? or * to list all spells.
Aiming: Stone Arrow
Press: ? - help, Shift-Dir - straight line, f/p - centaur
Aim: a centaur, wielding a shortbow The stone arrow hits the centaur.
The centaur is heavily wounded.
The centaur shoots an arrow.
The arrow hits you!
* * * LOW HITPOINT WARNING * * *
You see here an arrow.
Casting: Stone Arrow
Confirm with . or Enter, or press ? or * to list all spells.
Which direction?
The centaur shoots an arrow.
The arrow hits you.
* * * LOW HITPOINT WARNING * * *
The centaur shoots an arrow.
The arrow hits you.
* * * LOW HITPOINT WARNING * * *
The centaur shoots an arrow.
The arrow hits you!
* * * LOW HITPOINT WARNING * * *
The centaur shoots an arrow.
The arrow hits you!
You die...

Action                   |  1- 3 |  4- 6 || total
-------------------------+-------+-------++-------
Melee: Dagger            |    51 |   197 ||   248
Throw: Tomahawk          |    11 |     6 ||    17
 Cast: Sandblast         |    68 |    19 ||    87
       Passwall          |     1 |     1 ||     2
       Stone Arrow       |       |     8 ||     8
  Use: Scroll            |     2 |       ||     2
       Potion            |       |     1 ||     1
 Stab: Sleeping          |     4 |     2 ||     6
       Distracted        |       |     1 ||     1
  Eat: Chunk             |     3 |     6 ||     9
       Beef jerky        |       |     2 ||     2
Armor: Robe              |    26 |    48 ||    74
Dodge: Dodged            |    63 |   134 ||   197

Vault maps used:
D:1:      eino_arrival_cavern_a
D:2:      minmay_goblin_outpost
D:3:      first_bread
D:4:      minmay_temple_entry_mist, serial_shops, nicolae_shop_waterfront,
          serial_undead, serial_undead_b, serial_undead_b, serial_undead_d,
          serial_undead_b, nrook_mini_vaults, lemuel_tele_altar, uniq_eustachio,
          uniq_grinder
D:5:      eino_small_chamber_without_monster

Notes
Turn   | Place    | Note
--------------------------------------------------------------
     0 | D:1      | cedor the Demonspawn Earth Elementalist began the quest for the Orb.
     0 | D:1      | Reached XP level 1. HP: 13/13 MP: 3/3
   106 | D:1      | Reached skill level 2 in Dodging
   181 | D:1      | Reached skill level 2 in Stealth
   181 | D:1      | Gained mutation: When hurt, damage is shared between your health and your magic reserves. [demonic ancestry]
   181 | D:1      | Reached XP level 2. HP: 16/19 MP: 0/5
   286 | D:1      | Reached skill level 3 in Earth Magic
   378 | D:1      | Learned a level 2 spell: Passwall
   750 | D:1      | Gained mutation: You regenerate magic rapidly. [demonic ancestry]
   750 | D:1      | Reached XP level 3. HP: 23/24 MP: 2/6
  1678 | D:4      | Noticed HolyRage's ghost (amateur TrMo)
  1841 | D:4      | Gained mutation: You have a somewhat thin skeletal structure (Dex +2, Stealth). [demonic ancestry]
  1841 | D:4      | Reached XP level 4. HP: 22/30 MP: 4/7
  2195 | D:4      | Learned a level 3 spell: Stone Arrow
  2232 | D:4      | Noticed a phantom
  2855 | D:4      | Found a bloodstained altar of Trog.
  2872 | D:4      | Reached skill level 1 in Short Blades
  2872 | D:4      | Reached XP level 5. HP: 21/35 MP: 2/8
  3105 | D:4      | Found Ime Lyav's Antique Armour Shop.
  3685 | D:4      | Noticed Grinder
  3803 | D:4      | Reached skill level 4 in Earth Magic
  4123 | D:5      | Entered Level 5 of the Dungeon
  4141 | D:5      | Reached skill level 3 in Dodging
  4294 | D:5      | Noticed a centaur
  4300 | D:5      | Shot with an arrow by a centaur

Vanquished Creatures
  A centaur zombie (D:4)
  A giant frog zombie (D:4)
  A centaur skeleton (D:5)
  A worker ant (D:4)
  A worker ant zombie (D:4)
  5 adders
  2 oozes
  3 worms (D:3)
  A dart slug (D:1)
  2 giant geckos
  2 orcs
  2 giant cockroaches
  11 goblins
  8 hobgoblins
  3 jackals
  2 kobolds (D:1)
  3 bats
  A giant gecko skeleton (D:4)
  4 giant newts
  A quokka zombie (D:4)
  8 rats
63 creatures vanquished.
